 Dungeon Sprint DCSS version 0.29-a0-664-gff9cad4a3d (webtiles) character file.

Game seed: 5197582457694767349

3 blackman the Chopper (level 1, -2/28 HPs)
             Began as a Minotaur Berserker on June 22, 2022.
             Was a Believer of Trog.
             Slain by a phantom (4 damage)
             ... in the Dungeon (Sprint III: "The Ten Rune Challenge").
             The game lasted 00:00:17 (66 turns).

blackman the Chopper (Minotaur Berserker)             Turns: 66, Time: 00:00:17

Health: -2/28      AC:  2    Str: 21    XL:     1   Next: 41%
Magic:  0/0        EV: 12    Int:  4    God:    Trog [**....]
Gold:   11         SH:  0    Dex:  9    Spells: 0/0 levels left

rFire   . . .      SeeInvis .   a - +0 hand axe
rCold   . . .      Faith    .   (no shield)
rNeg    . . .      Spirit   .   b - +0 animal skin
rPois   .          Reflect  .   (helmet restricted)
rElec   .          Harm     .   (no cloak)
rCorr   .          Rampage  .   (no gloves)
Will    .....      NoTele   +   (no boots)
Stlth   ..........              (no amulet)
HPRegen 0.09/turn               (no ring)
MPRegen 0.07/turn               (no ring)

@: berserking, very quick
A: horns 2, retaliatory headbutt
a: Renounce Religion, Berserk, Trog's Hand


You were in the Dungeon.
You worshipped Trog.
Trog was pleased with you.
You visited 1 branch You collected 11 gold pieces.

Inventory:

Hand Weapons
 a - a +0 hand axe (weapon)
Armour
 b - a +0 animal skin (worn)
Scrolls
 h - a scroll of blinking
Potions
 c - a potion of curing
 d - a potion of heal wounds
 e - a potion of haste
 f - 2 potions of magic
 g - a potion of berserk rage


   Skills:
 - Level 3.6 Fighting
 + Level 5.1 Axes
 - Level 2.4 Armour
 - Level 2.1 Dodging


You couldn't memorise any spells.
You didn't know any spells.
Your spell library was empty.

Dungeon Overview and Level Annotations

Branches:
Dungeon (1/1)

Altars:


Innate Abilities, Weirdness & Mutations

You have a pair of horns on your head.
You reflexively headbutt those who attack you in melee.


Message History

You can now call upon Trog for regeneration and willpower.
Your Axes skill increases to level 5!
No target in view!
No target in view!
HP restored.
A rat comes into view.
A rat is nearby!
The rat bites you but does no damage.
You closely miss the rat. You headbutt the rat.
You kill the rat!
Trog accepts your kill.
No target in view!
No target in view!
No target in view!
You see here a rat corpse.
A human comes into view.
The human shouts!
A phantom comes into view.
The human hits you. The phantom hits you.
You miss the human. Your headbutt misses the human.
You barely miss the phantom. The human closely misses you.
The phantom hits you but does no damage.
You completely miss the human. You hit the phantom but do no damage.
The human barely misses you. The phantom closely misses you.
You furiously retaliate!
You headbutt the phantom. You closely miss the phantom.
Your headbutt misses the phantom.
The phantom is heavily damaged.
You closely miss the human. The human barely misses you.
The phantom barely misses you.
You closely miss the phantom. Your headbutt misses the phantom.
The phantom is heavily damaged.
You miss the human. The human barely misses you. You furiously retaliate!
You headbutt the human! The phantom hits you.
You are too injured to fight recklessly!
You are too injured to fight recklessly!
A red film seems to cover your vision as you go berserk!
You feel yourself moving faster!
You feel mighty! The human hits you!
* * * LOW HITPOINT WARNING * * *
The phantom hits you.
You die...

▓<..#|..####
▓...#......## .#
▓..##.......# .#
▓##.##.##...# ..#
##.##.###..# ..#
▓#.####.##..# ...+
▓.###..##..## #...#
▓#.....##..###p...#
###..##†..##@....#
##..##....#..W...#
#..###..##.#.....#
#..# #..#####....#
▓▓▓▓ ▓▓▓▓ ▓▓▓▓▓


You could see a human and a phantom.

Vanquished Creatures
  An endoplasm (D)
  3 rats (D)
4 creatures vanquished.

Notes
Turn   | Place    | Note
-------+----------+-------------------------------------------
     0 | D        | blackman the Minotaur Berserker began the quest for the
                  | Orb.
     0 | D        | Reached XP level 1. HP: 19/19 MP: 0/0
    10 | D        | Reached skill level 4 in Axes
    32 | D        | Reached ** piety under Trog
    33 | D        | Reached skill level 5 in Axes
    66 | D        | Slain by a phantom

Illustrated notes

Levels and vault maps discovered:
D:        dungeon_sprint_mu [sprint_mu_entry_cave, sprint_mu_temple_rooms,
          sprint_mu_d1_horrors, sprint_mu_d2_genie, sprint_mu_d3_branching,
          sprint_mu_orc_legion, sprint_mu_elf_gauntlet, sprint_mu_hive_nellie,
          sprint_mu_lair_fedhas, sprint_mu_vaults_butterflies,
          sprint_mu_slime_circle, sprint_mu_swamp_cave, sprint_mu_snake_twists,
          sprint_mu_blade_basic, sprint_mu_crypt_fortress,
          sprint_mu_tomb_spiral, sprint_mu_vestibule_basic,
          sprint_mu_gehenna_hellfire, sprint_mu_dis_giant,
          sprint_mu_tartarus_statrot, sprint_mu_cocytus_islands, sprint_mu_zot1]

Skill      XL: |  1 |
---------------+----+-----
Axes           | 5 |  5.1
Fighting       | |  3.6
Armour         | |  2.4
Dodging        | |  2.1

Action                   || total
-------------------------++-------
Melee: Hand axe          ||    11
       Headbutt          ||     2
Invok: Berserk           ||     1
 Stab: Sleeping          ||     1
Armor: Animal skin       ||     2
Dodge: Dodged            ||    10

Table legend: (Time is in decaauts)
 A = Elapsed time spent in this place.
 B = Non-inter-level travel time spent in this place.
 C = Inter-level travel time spent in this place.
 D = Time resting spent in this place.
 E = Time spent auto-exploring this place.
 F = Levels seen in this place.
 G = Mean time per level.
                   A        B        C        D        E       F      G
               +--------+--------+--------+--------+--------+-----+--------+
         Total |     66 |     66 |      0 |      0 |     38 |   1 |   66.0 |
       Dungeon |     66 |     66 |      0 |      0 |     38 |   1 |   66.0 |
               +--------+--------+--------+--------+--------+-----+--------+

Top non-repeatable levels by time:
       D: 66 daAuts
